%YAML 1.1
%TAG !u! tag:unity3d.com,2011:
--- !u!1 &4680611922845754573
GameObject:
  m_ObjectHideFlags: 0
  m_CorrespondingSourceObject: {fileID: 0}
  m_PrefabInstance: {fileID: 0}
  m_PrefabAsset: {fileID: 0}
  serializedVersion: 6
  m_Component:
  - component: {fileID: 9100088153650066225}
  - component: {fileID: 8782677061148233276}
  - component: {fileID: 602847579616428140}
  - component: {fileID: 8148074731758293037}
  m_Layer: 5
  m_Name: ZButton
  m_TagString: Untagged
  m_Icon: {fileID: 0}
  m_NavMeshLayer: 0
  m_StaticEditorFlags: 0
  m_IsActive: 1
--- !u!224 &9100088153650066225
RectTransform:
  m_ObjectHideFlags: 0
  m_CorrespondingSourceObject: {fileID: 0}
  m_PrefabInstance: {fileID: 0}
  m_PrefabAsset: {fileID: 0}
  m_GameObject: {fileID: 4680611922845754573}
  m_LocalRotation: {x: 0, y: 0, z: 0, w: 1}
  m_LocalPosition: {x: 0, y: 0, z: 0}
  m_LocalScale: {x: 1, y: 1, z: 1}
  m_Children: []
  m_Father: {fileID: 6356176759796364989}
  m_RootOrder: 0
  m_LocalEulerAnglesHint: {x: 0, y: 0, z: 0}
  m_AnchorMin: {x: 0.5, y: 0.5}
  m_AnchorMax: {x: 0.5, y: 0.5}
  m_AnchoredPosition: {x: -120, y: 0}
  m_SizeDelta: {x: 55, y: 55}
  m_Pivot: {x: 0.5, y: 0.5}
--- !u!222 &8782677061148233276
CanvasRenderer:
  m_ObjectHideFlags: 0
  m_CorrespondingSourceObject: {fileID: 0}
  m_PrefabInstance: {fileID: 0}
  m_PrefabAsset: {fileID: 0}
  m_GameObject: {fileID: 4680611922845754573}
  m_CullTransparentMesh: 0
--- !u!114 &602847579616428140
MonoBehaviour:
  m_ObjectHideFlags: 0
  m_CorrespondingSourceObject: {fileID: 0}
  m_PrefabInstance: {fileID: 0}
  m_PrefabAsset: {fileID: 0}
  m_GameObject: {fileID: 4680611922845754573}
  m_Enabled: 1
  m_EditorHideFlags: 0
  m_Script: {fileID: 11500000, guid: fe87c0e1cc204ed48ad3b37840f39efc, type: 3}
  m_Name: 
  m_EditorClassIdentifier: 
  m_Material: {fileID: 0}
  m_Color: {r: 1, g: 1, b: 1, a: 1}
  m_RaycastTarget: 1
  m_Maskable: 1
  m_OnCullStateChanged:
    m_PersistentCalls:
      m_Calls: []
  m_Sprite: {fileID: 21300000, guid: da1efd7b705361845bea9d9ad0f312cb, type: 3}
  m_Type: 0
  m_PreserveAspect: 1
  m_FillCenter: 1
  m_FillMethod: 4
  m_FillAmount: 1
  m_FillClockwise: 1
  m_FillOrigin: 0
  m_UseSpriteMesh: 0
  m_PixelsPerUnitMultiplier: 1
--- !u!114 &8148074731758293037
MonoBehaviour:
  m_ObjectHideFlags: 0
  m_CorrespondingSourceObject: {fileID: 0}
  m_PrefabInstance: {fileID: 0}
  m_PrefabAsset: {fileID: 0}
  m_GameObject: {fileID: 4680611922845754573}
  m_Enabled: 1
  m_EditorHideFlags: 0
  m_Script: {fileID: 11500000, guid: 65b69176b975f9944be81859a264bac0, type: 3}
  m_Name: 
  m_EditorClassIdentifier: 
  EventResponses:
  - name: Press Button
    Event: {fileID: 11400000, guid: bca33c93a38970946bfa86e4289ec2b6, type: 2}
    Response:
      m_PersistentCalls:
        m_Calls:
        - m_Target: {fileID: 602847579616428140}
          m_MethodName: set_sprite
          m_Mode: 2
          m_Arguments:
            m_ObjectArgument: {fileID: 21300000, guid: bf803f8ed1f139b43a91c97016185bd2,
              type: 3}
            m_ObjectArgumentAssemblyTypeName: UnityEngine.Sprite, UnityEngine
            m_IntArgument: 0
            m_FloatArgument: 0
            m_StringArgument: 
            m_BoolArgument: 0
          m_CallState: 2
  - name: Release Button
    Event: {fileID: 11400000, guid: 9a8ecfcdfb1f4404b887819fcd47cc30, type: 2}
    Response:
      m_PersistentCalls:
        m_Calls:
        - m_Target: {fileID: 602847579616428140}
          m_MethodName: set_sprite
          m_Mode: 2
          m_Arguments:
            m_ObjectArgument: {fileID: 21300000, guid: da1efd7b705361845bea9d9ad0f312cb,
              type: 3}
            m_ObjectArgumentAssemblyTypeName: UnityEngine.Sprite, UnityEngine
            m_IntArgument: 0
            m_FloatArgument: 0
            m_StringArgument: 
            m_BoolArgument: 0
          m_CallState: 2
--- !u!1 &5344759933482292045
GameObject:
  m_ObjectHideFlags: 0
  m_CorrespondingSourceObject: {fileID: 0}
  m_PrefabInstance: {fileID: 0}
  m_PrefabAsset: {fileID: 0}
  serializedVersion: 6
  m_Component:
  - component: {fileID: 5688748030799419082}
  - component: {fileID: 3581278504579794195}
  - component: {fileID: 1073680470699187043}
  - component: {fileID: 4897086709045383895}
  m_Layer: 5
  m_Name: XButton
  m_TagString: Untagged
  m_Icon: {fileID: 0}
  m_NavMeshLayer: 0
  m_StaticEditorFlags: 0
  m_IsActive: 1
--- !u!224 &5688748030799419082
RectTransform:
  m_ObjectHideFlags: 0
  m_CorrespondingSourceObject: {fileID: 0}
  m_PrefabInstance: {fileID: 0}
  m_PrefabAsset: {fileID: 0}
  m_GameObject: {fileID: 5344759933482292045}
  m_LocalRotation: {x: -0, y: -0, z: -0, w: 1}
  m_LocalPosition: {x: 0, y: 0, z: 0}
  m_LocalScale: {x: 1, y: 1, z: 1}
  m_Children: []
  m_Father: {fileID: 6356176760712667023}
  m_RootOrder: 0
  m_LocalEulerAnglesHint: {x: 0, y: 0, z: 0}
  m_AnchorMin: {x: 0.5, y: 0.5}
  m_AnchorMax: {x: 0.5, y: 0.5}
  m_AnchoredPosition: {x: -120, y: 0}
  m_SizeDelta: {x: 55, y: 55}
  m_Pivot: {x: 0.5, y: 0.5}
--- !u!222 &3581278504579794195
CanvasRenderer:
  m_ObjectHideFlags: 0
  m_CorrespondingSourceObject: {fileID: 0}
  m_PrefabInstance: {fileID: 0}
  m_PrefabAsset: {fileID: 0}
  m_GameObject: {fileID: 5344759933482292045}
  m_CullTransparentMesh: 0
--- !u!114 &1073680470699187043
MonoBehaviour:
  m_ObjectHideFlags: 0
  m_CorrespondingSourceObject: {fileID: 0}
  m_PrefabInstance: {fileID: 0}
  m_PrefabAsset: {fileID: 0}
  m_GameObject: {fileID: 5344759933482292045}
  m_Enabled: 1
  m_EditorHideFlags: 0
  m_Script: {fileID: 11500000, guid: fe87c0e1cc204ed48ad3b37840f39efc, type: 3}
  m_Name: 
  m_EditorClassIdentifier: 
  m_Material: {fileID: 0}
  m_Color: {r: 1, g: 1, b: 1, a: 1}
  m_RaycastTarget: 1
  m_Maskable: 1
  m_OnCullStateChanged:
    m_PersistentCalls:
      m_Calls: []
  m_Sprite: {fileID: 21300000, guid: f7023ba740965ce40ad62a25c62fb66a, type: 3}
  m_Type: 0
  m_PreserveAspect: 1
  m_FillCenter: 1
  m_FillMethod: 4
  m_FillAmount: 1
  m_FillClockwise: 1
  m_FillOrigin: 0
  m_UseSpriteMesh: 0
  m_PixelsPerUnitMultiplier: 1
--- !u!114 &4897086709045383895
MonoBehaviour:
  m_ObjectHideFlags: 0
  m_CorrespondingSourceObject: {fileID: 0}
  m_PrefabInstance: {fileID: 0}
  m_PrefabAsset: {fileID: 0}
  m_GameObject: {fileID: 5344759933482292045}
  m_Enabled: 1
  m_EditorHideFlags: 0
  m_Script: {fileID: 11500000, guid: 65b69176b975f9944be81859a264bac0, type: 3}
  m_Name: 
  m_EditorClassIdentifier: 
  EventResponses:
  - name: Press Button
    Event: {fileID: 11400000, guid: c945ff0eeb2dffc4d8d86b102a7c0173, type: 2}
    Response:
      m_PersistentCalls:
        m_Calls:
        - m_Target: {fileID: 1073680470699187043}
          m_MethodName: set_sprite
          m_Mode: 2
          m_Arguments:
            m_ObjectArgument: {fileID: 21300000, guid: 790e10380c6753e418f0d43f246923c7,
              type: 3}
            m_ObjectArgumentAssemblyTypeName: UnityEngine.Sprite, UnityEngine
            m_IntArgument: 0
            m_FloatArgument: 0
            m_StringArgument: 
            m_BoolArgument: 0
          m_CallState: 2
  - name: Release Button
    Event: {fileID: 11400000, guid: 1aa906edb404e3c498090fc1a1a2f787, type: 2}
    Response:
      m_PersistentCalls:
        m_Calls:
        - m_Target: {fileID: 1073680470699187043}
          m_MethodName: set_sprite
          m_Mode: 2
          m_Arguments:
            m_ObjectArgument: {fileID: 21300000, guid: f7023ba740965ce40ad62a25c62fb66a,
              type: 3}
            m_ObjectArgumentAssemblyTypeName: UnityEngine.Sprite, UnityEngine
            m_IntArgument: 0
            m_FloatArgument: 0
            m_StringArgument: 
            m_BoolArgument: 0
          m_CallState: 2
--- !u!1 &6356176759796364988
GameObject:
  m_ObjectHideFlags: 0
  m_CorrespondingSourceObject: {fileID: 0}
  m_PrefabInstance: {fileID: 0}
  m_PrefabAsset: {fileID: 0}
  serializedVersion: 6
  m_Component:
  - component: {fileID: 6356176759796364989}
  - component: {fileID: 6356176759796364991}
  - component: {fileID: 6356176759796364990}
  - component: {fileID: 7416441837678216347}
  - component: {fileID: 1828436685854355113}
  - component: {fileID: 2953759781492164470}
  m_Layer: 5
  m_Name: ZSlot
  m_TagString: Untagged
  m_Icon: {fileID: 0}
  m_NavMeshLayer: 0
  m_StaticEditorFlags: 0
  m_IsActive: 1
--- !u!224 &6356176759796364989
RectTransform:
  m_ObjectHideFlags: 0
  m_CorrespondingSourceObject: {fileID: 0}
  m_PrefabInstance: {fileID: 0}
  m_PrefabAsset: {fileID: 0}
  m_GameObject: {fileID: 6356176759796364988}
  m_LocalRotation: {x: -0, y: -0, z: -0, w: 1}
  m_LocalPosition: {x: 0, y: 0, z: 0}
  m_LocalScale: {x: 1, y: 1, z: 1}
  m_Children:
  - {fileID: 9100088153650066225}
  m_Father: {fileID: 6356176760322930234}
  m_RootOrder: 1
  m_LocalEulerAnglesHint: {x: 0, y: 0, z: 0}
  m_AnchorMin: {x: 0.06634376, y: 0.09375}
  m_AnchorMax: {x: 0.18356252, y: 0.9375001}
  m_AnchoredPosition: {x: 0, y: 0}
  m_SizeDelta: {x: -0.0000019073486, y: 0}
  m_Pivot: {x: 0.5, y: 0.5}
--- !u!222 &6356176759796364991
CanvasRenderer:
  m_ObjectHideFlags: 0
  m_CorrespondingSourceObject: {fileID: 0}
  m_PrefabInstance: {fileID: 0}
  m_PrefabAsset: {fileID: 0}
  m_GameObject: {fileID: 6356176759796364988}
  m_CullTransparentMesh: 0
--- !u!114 &6356176759796364990
MonoBehaviour:
  m_ObjectHideFlags: 0
  m_CorrespondingSourceObject: {fileID: 0}
  m_PrefabInstance: {fileID: 0}
  m_PrefabAsset: {fileID: 0}
  m_GameObject: {fileID: 6356176759796364988}
  m_Enabled: 1
  m_EditorHideFlags: 0
  m_Script: {fileID: 11500000, guid: fe87c0e1cc204ed48ad3b37840f39efc, type: 3}
  m_Name: 
  m_EditorClassIdentifier: 
  m_Material: {fileID: 0}
  m_Color: {r: 1, g: 1, b: 1, a: 1}
  m_RaycastTarget: 1
  m_Maskable: 1
  m_OnCullStateChanged:
    m_PersistentCalls:
      m_Calls: []
  m_Sprite: {fileID: 21300000, guid: 1dc1460a14f8c054fa6f6baa5cbf4e9c, type: 3}
  m_Type: 0
  m_PreserveAspect: 1
  m_FillCenter: 1
  m_FillMethod: 4
  m_FillAmount: 1
  m_FillClockwise: 1
  m_FillOrigin: 0
  m_UseSpriteMesh: 0
  m_PixelsPerUnitMultiplier: 1
--- !u!114 &7416441837678216347
MonoBehaviour:
  m_ObjectHideFlags: 0
  m_CorrespondingSourceObject: {fileID: 0}
  m_PrefabInstance: {fileID: 0}
  m_PrefabAsset: {fileID: 0}
  m_GameObject: {fileID: 6356176759796364988}
  m_Enabled: 1
  m_EditorHideFlags: 0
  m_Script: {fileID: 11500000, guid: 21de28fafc8edba4188d6f046a57e035, type: 3}
  m_Name: 
  m_EditorClassIdentifier: 
  _emptySlotSprite: {fileID: 21300000, guid: 1dc1460a14f8c054fa6f6baa5cbf4e9c, type: 3}
--- !u!114 &1828436685854355113
MonoBehaviour:
  m_ObjectHideFlags: 0
  m_CorrespondingSourceObject: {fileID: 0}
  m_PrefabInstance: {fileID: 0}
  m_PrefabAsset: {fileID: 0}
  m_GameObject: {fileID: 6356176759796364988}
  m_Enabled: 1
  m_EditorHideFlags: 0
  m_Script: {fileID: 11500000, guid: 443f186c5225f944da39fd9a0895bf49, type: 3}
  m_Name: 
  m_EditorClassIdentifier: 
  Event: {fileID: 11400000, guid: 5778d3cae11273e43ab321d4d0edab0b, type: 2}
  Response:
    m_PersistentCalls:
      m_Calls:
      - m_Target: {fileID: 7416441837678216347}
        m_MethodName: EquipItem
        m_Mode: 0
        m_Arguments:
          m_ObjectArgument: {fileID: 0}
          m_ObjectArgumentAssemblyTypeName: UnityEngine.Object, UnityEngine
          m_IntArgument: 0
          m_FloatArgument: 0
          m_StringArgument: 
          m_BoolArgument: 0
        m_CallState: 2
--- !u!114 &2953759781492164470
MonoBehaviour:
  m_ObjectHideFlags: 0
  m_CorrespondingSourceObject: {fileID: 0}
  m_PrefabInstance: {fileID: 0}
  m_PrefabAsset: {fileID: 0}
  m_GameObject: {fileID: 6356176759796364988}
  m_Enabled: 1
  m_EditorHideFlags: 0
  m_Script: {fileID: 11500000, guid: 65b69176b975f9944be81859a264bac0, type: 3}
  m_Name: 
  m_EditorClassIdentifier: 
  EventResponses:
  - name: Unequip Z Slot
    Event: {fileID: 11400000, guid: 2a0bfd8ebbfade1408d6c649c168d83c, type: 2}
    Response:
      m_PersistentCalls:
        m_Calls:
        - m_Target: {fileID: 7416441837678216347}
          m_MethodName: ClearSlot
          m_Mode: 1
          m_Arguments:
            m_ObjectArgument: {fileID: 0}
            m_ObjectArgumentAssemblyTypeName: UnityEngine.Object, UnityEngine
            m_IntArgument: 0
            m_FloatArgument: 0
            m_StringArgument: 
            m_BoolArgument: 0
          m_CallState: 2
--- !u!1 &6356176759963335055
GameObject:
  m_ObjectHideFlags: 0
  m_CorrespondingSourceObject: {fileID: 0}
  m_PrefabInstance: {fileID: 0}
  m_PrefabAsset: {fileID: 0}
  serializedVersion: 6
  m_Component:
  - component: {fileID: 6356176759963335048}
  - component: {fileID: 6356176759963335050}
  - component: {fileID: 6356176759963335049}
  m_Layer: 5
  m_Name: Background
  m_TagString: Untagged
  m_Icon: {fileID: 0}
  m_NavMeshLayer: 0
  m_StaticEditorFlags: 0
  m_IsActive: 1
--- !u!224 &6356176759963335048
RectTransform:
  m_ObjectHideFlags: 0
  m_CorrespondingSourceObject: {fileID: 0}
  m_PrefabInstance: {fileID: 0}
  m_PrefabAsset: {fileID: 0}
  m_GameObject: {fileID: 6356176759963335055}
  m_LocalRotation: {x: 0, y: 0, z: 0, w: 1}
  m_LocalPosition: {x: 0, y: 0, z: 0}
  m_LocalScale: {x: 1, y: 1, z: 1}
  m_Children: []
  m_Father: {fileID: 6356176760322930234}
  m_RootOrder: 0
  m_LocalEulerAnglesHint: {x: 0, y: 0, z: 0}
  m_AnchorMin: {x: 0, y: 0}
  m_AnchorMax: {x: 1, y: 1}
  m_AnchoredPosition: {x: 0, y: 0}
  m_SizeDelta: {x: 0, y: 0}
  m_Pivot: {x: 0.5, y: 0.5}
--- !u!222 &6356176759963335050
CanvasRenderer:
  m_ObjectHideFlags: 0
  m_CorrespondingSourceObject: {fileID: 0}
  m_PrefabInstance: {fileID: 0}
  m_PrefabAsset: {fileID: 0}
  m_GameObject: {fileID: 6356176759963335055}
  m_CullTransparentMesh: 0
--- !u!114 &6356176759963335049
MonoBehaviour:
  m_ObjectHideFlags: 0
  m_CorrespondingSourceObject: {fileID: 0}
  m_PrefabInstance: {fileID: 0}
  m_PrefabAsset: {fileID: 0}
  m_GameObject: {fileID: 6356176759963335055}
  m_Enabled: 1
  m_EditorHideFlags: 0
  m_Script: {fileID: 11500000, guid: fe87c0e1cc204ed48ad3b37840f39efc, type: 3}
  m_Name: 
  m_EditorClassIdentifier: 
  m_Material: {fileID: 0}
  m_Color: {r: 1, g: 1, b: 1, a: 1}
  m_RaycastTarget: 1
  m_Maskable: 1
  m_OnCullStateChanged:
    m_PersistentCalls:
      m_Calls: []
  m_Sprite: {fileID: 21300000, guid: 71b3bace73959d448974f836e2cce154, type: 3}
  m_Type: 0
  m_PreserveAspect: 1
  m_FillCenter: 1
  m_FillMethod: 4
  m_FillAmount: 1
  m_FillClockwise: 1
  m_FillOrigin: 0
  m_UseSpriteMesh: 0
  m_PixelsPerUnitMultiplier: 1
--- !u!1 &6356176760322930233
GameObject:
  m_ObjectHideFlags: 0
  m_CorrespondingSourceObject: {fileID: 0}
  m_PrefabInstance: {fileID: 0}
  m_PrefabAsset: {fileID: 0}
  serializedVersion: 6
  m_Component:
  - component: {fileID: 6356176760322930234}
  m_Layer: 5
  m_Name: HUD
  m_TagString: Untagged
  m_Icon: {fileID: 0}
  m_NavMeshLayer: 0
  m_StaticEditorFlags: 0
  m_IsActive: 1
--- !u!224 &6356176760322930234
RectTransform:
  m_ObjectHideFlags: 0
  m_CorrespondingSourceObject: {fileID: 0}
  m_PrefabInstance: {fileID: 0}
  m_PrefabAsset: {fileID: 0}
  m_GameObject: {fileID: 6356176760322930233}
  m_LocalRotation: {x: 0, y: 0, z: 0, w: 1}
  m_LocalPosition: {x: 0, y: 0, z: 0}
  m_LocalScale: {x: 1, y: 1, z: 1}
  m_Children:
  - {fileID: 6356176759963335048}
  - {fileID: 6356176759796364989}
  - {fileID: 6356176760712667023}
  - {fileID: 755232166853779939}
  - {fileID: 6816865895924720861}
  - {fileID: 4069594251203653386}
  m_Father: {fileID: 0}
  m_RootOrder: 0
  m_LocalEulerAnglesHint: {x: 0, y: 0, z: 0}
  m_AnchorMin: {x: 0, y: 0}
  m_AnchorMax: {x: 1, y: 0}
  m_AnchoredPosition: {x: 0, y: 80}
  m_SizeDelta: {x: 0, y: 160}
  m_Pivot: {x: 0.5, y: 0.5}
--- !u!1 &6356176760712667022
GameObject:
  m_ObjectHideFlags: 0
  m_CorrespondingSourceObject: {fileID: 0}
  m_PrefabInstance: {fileID: 0}
  m_PrefabAsset: {fileID: 0}
  serializedVersion: 6
  m_Component:
  - component: {fileID: 6356176760712667023}
  - component: {fileID: 6356176760712667017}
  - component: {fileID: 6356176760712667016}
  - component: {fileID: 3821453061779933823}
  - component: {fileID: 9150884941875146414}
  - component: {fileID: 8365448671811682486}
  m_Layer: 5
  m_Name: XSlot
  m_TagString: Untagged
  m_Icon: {fileID: 0}
  m_NavMeshLayer: 0
  m_StaticEditorFlags: 0
  m_IsActive: 1
--- !u!224 &6356176760712667023
RectTransform:
  m_ObjectHideFlags: 0
  m_CorrespondingSourceObject: {fileID: 0}
  m_PrefabInstance: {fileID: 0}
  m_PrefabAsset: {fileID: 0}
  m_GameObject: {fileID: 6356176760712667022}
  m_LocalRotation: {x: -0, y: -0, z: -0, w: 1}
  m_LocalPosition: {x: 0, y: 0, z: 0}
  m_LocalScale: {x: 1, y: 1, z: 1}
  m_Children:
  - {fileID: 5688748030799419082}
  m_Father: {fileID: 6356176760322930234}
  m_RootOrder: 2
  m_LocalEulerAnglesHint: {x: 0, y: 0, z: 0}
  m_AnchorMin: {x: 0.31678125, y: 0.09375}
  m_AnchorMax: {x: 0.43378127, y: 0.9375001}
  m_AnchoredPosition: {x: 0, y: 0}
  m_SizeDelta: {x: 0, y: 0}
  m_Pivot: {x: 0.5, y: 0.5}
--- !u!222 &6356176760712667017
CanvasRenderer:
  m_ObjectHideFlags: 0
  m_CorrespondingSourceObject: {fileID: 0}
  m_PrefabInstance: {fileID: 0}
  m_PrefabAsset: {fileID: 0}
  m_GameObject: {fileID: 6356176760712667022}
  m_CullTransparentMesh: 0
--- !u!114 &6356176760712667016
MonoBehaviour:
  m_ObjectHideFlags: 0
  m_CorrespondingSourceObject: {fileID: 0}
  m_PrefabInstance: {fileID: 0}
  m_PrefabAsset: {fileID: 0}
  m_GameObject: {fileID: 6356176760712667022}
  m_Enabled: 1
  m_EditorHideFlags: 0
  m_Script: {fileID: 11500000, guid: fe87c0e1cc204ed48ad3b37840f39efc, type: 3}
  m_Name: 
  m_EditorClassIdentifier: 
  m_Material: {fileID: 0}
  m_Color: {r: 1, g: 1, b: 1, a: 1}
  m_RaycastTarget: 1
  m_Maskable: 1
  m_OnCullStateChanged:
    m_PersistentCalls:
      m_Calls: []
  m_Sprite: {fileID: 21300000, guid: 1dc1460a14f8c054fa6f6baa5cbf4e9c, type: 3}
  m_Type: 0
  m_PreserveAspect: 1
  m_FillCenter: 1
  m_FillMethod: 4
  m_FillAmount: 1
  m_FillClockwise: 1
  m_FillOrigin: 0
  m_UseSpriteMesh: 0
  m_PixelsPerUnitMultiplier: 1
--- !u!114 &3821453061779933823
MonoBehaviour:
  m_ObjectHideFlags: 0
  m_CorrespondingSourceObject: {fileID: 0}
  m_PrefabInstance: {fileID: 0}
  m_PrefabAsset: {fileID: 0}
  m_GameObject: {fileID: 6356176760712667022}
  m_Enabled: 1
  m_EditorHideFlags: 0
  m_Script: {fileID: 11500000, guid: 21de28fafc8edba4188d6f046a57e035, type: 3}
  m_Name: 
  m_EditorClassIdentifier: 
  _emptySlotSprite: {fileID: 21300000, guid: 1dc1460a14f8c054fa6f6baa5cbf4e9c, type: 3}
--- !u!114 &9150884941875146414
MonoBehaviour:
  m_ObjectHideFlags: 0
  m_CorrespondingSourceObject: {fileID: 0}
  m_PrefabInstance: {fileID: 0}
  m_PrefabAsset: {fileID: 0}
  m_GameObject: {fileID: 6356176760712667022}
  m_Enabled: 1
  m_EditorHideFlags: 0
  m_Script: {fileID: 11500000, guid: 443f186c5225f944da39fd9a0895bf49, type: 3}
  m_Name: 
  m_EditorClassIdentifier: 
  Event: {fileID: 11400000, guid: c3afbda5dff585a4bac64c661d73aaa9, type: 2}
  Response:
    m_PersistentCalls:
      m_Calls:
      - m_Target: {fileID: 3821453061779933823}
        m_MethodName: EquipItem
        m_Mode: 0
        m_Arguments:
          m_ObjectArgument: {fileID: 0}
          m_ObjectArgumentAssemblyTypeName: UnityEngine.Object, UnityEngine
          m_IntArgument: 0
          m_FloatArgument: 0
          m_StringArgument: 
          m_BoolArgument: 0
        m_CallState: 2
--- !u!114 &8365448671811682486
MonoBehaviour:
  m_ObjectHideFlags: 0
  m_CorrespondingSourceObject: {fileID: 0}
  m_PrefabInstance: {fileID: 0}
  m_PrefabAsset: {fileID: 0}
  m_GameObject: {fileID: 6356176760712667022}
  m_Enabled: 1
  m_EditorHideFlags: 0
  m_Script: {fileID: 11500000, guid: 65b69176b975f9944be81859a264bac0, type: 3}
  m_Name: 
  m_EditorClassIdentifier: 
  EventResponses:
  - name: Unequip X Slot
    Event: {fileID: 11400000, guid: 747bf88b2aaf7b442a63d8dc60792e41, type: 2}
    Response:
      m_PersistentCalls:
        m_Calls:
        - m_Target: {fileID: 3821453061779933823}
          m_MethodName: ClearSlot
          m_Mode: 1
          m_Arguments:
            m_ObjectArgument: {fileID: 0}
            m_ObjectArgumentAssemblyTypeName: UnityEngine.Object, UnityEngine
            m_IntArgument: 0
            m_FloatArgument: 0
            m_StringArgument: 
            m_BoolArgument: 0
          m_CallState: 2
--- !u!1 &8485613129770449613
GameObject:
  m_ObjectHideFlags: 0
  m_CorrespondingSourceObject: {fileID: 0}
  m_PrefabInstance: {fileID: 0}
  m_PrefabAsset: {fileID: 0}
  serializedVersion: 6
  m_Component:
  - component: {fileID: 4069594251203653386}
  - component: {fileID: 645938886029843455}
  - component: {fileID: 8118437345595135392}
  m_Layer: 5
  m_Name: PlayerPortrait
  m_TagString: Untagged
  m_Icon: {fileID: 0}
  m_NavMeshLayer: 0
  m_StaticEditorFlags: 0
  m_IsActive: 1
--- !u!224 &4069594251203653386
RectTransform:
  m_ObjectHideFlags: 0
  m_CorrespondingSourceObject: {fileID: 0}
  m_PrefabInstance: {fileID: 0}
  m_PrefabAsset: {fileID: 0}
  m_GameObject: {fileID: 8485613129770449613}
  m_LocalRotation: {x: -0, y: -0, z: -0, w: 1}
  m_LocalPosition: {x: 0, y: 0, z: 0}
  m_LocalScale: {x: 1, y: 1, z: 1}
  m_Children: []
  m_Father: {fileID: 6356176760322930234}
  m_RootOrder: 5
  m_LocalEulerAnglesHint: {x: 0, y: 0, z: 0}
  m_AnchorMin: {x: 0.81665635, y: 0}
  m_AnchorMax: {x: 0.99200004, y: 0.9375001}
  m_AnchoredPosition: {x: 0, y: -0.0000076293945}
  m_SizeDelta: {x: 0, y: 0.0000038146973}
  m_Pivot: {x: 0.5, y: 0.5}
--- !u!222 &645938886029843455
CanvasRenderer:
  m_ObjectHideFlags: 0
  m_CorrespondingSourceObject: {fileID: 0}
  m_PrefabInstance: {fileID: 0}
  m_PrefabAsset: {fileID: 0}
  m_GameObject: {fileID: 8485613129770449613}
  m_CullTransparentMesh: 0
--- !u!114 &8118437345595135392
MonoBehaviour:
  m_ObjectHideFlags: 0
  m_CorrespondingSourceObject: {fileID: 0}
  m_PrefabInstance: {fileID: 0}
  m_PrefabAsset: {fileID: 0}
  m_GameObject: {fileID: 8485613129770449613}
  m_Enabled: 1
  m_EditorHideFlags: 0
  m_Script: {fileID: 11500000, guid: fe87c0e1cc204ed48ad3b37840f39efc, type: 3}
  m_Name: 
  m_EditorClassIdentifier: 
  m_Material: {fileID: 0}
  m_Color: {r: 1, g: 1, b: 1, a: 1}
  m_RaycastTarget: 1
  m_Maskable: 1
  m_OnCullStateChanged:
    m_PersistentCalls:
      m_Calls: []
  m_Sprite: {fileID: 21300000, guid: f370b262e995c424682d1c3a1122e29c, type: 3}
  m_Type: 0
  m_PreserveAspect: 1
  m_FillCenter: 1
  m_FillMethod: 4
  m_FillAmount: 1
  m_FillClockwise: 1
  m_FillOrigin: 0
  m_UseSpriteMesh: 0
  m_PixelsPerUnitMultiplier: 1
--- !u!1001 &6356176759782184351
PrefabInstance:
  m_ObjectHideFlags: 0
  serializedVersion: 2
  m_Modification:
    m_TransformParent: {fileID: 6356176760322930234}
    m_Modifications:
    - target: {fileID: 481870301294522690, guid: 2c1c0b3c7ebb7a74f80f943d65e77f66,
        type: 3}
      propertyPath: m_Pivot.x
      value: 0.5
      objectReference: {fileID: 0}
    - target: {fileID: 481870301294522690, guid: 2c1c0b3c7ebb7a74f80f943d65e77f66,
        type: 3}
      propertyPath: m_Pivot.y
      value: 0.5
      objectReference: {fileID: 0}
    - target: {fileID: 481870301294522690, guid: 2c1c0b3c7ebb7a74f80f943d65e77f66,
        type: 3}
      propertyPath: m_RootOrder
      value: 4
      objectReference: {fileID: 0}
    - target: {fileID: 481870301294522690, guid: 2c1c0b3c7ebb7a74f80f943d65e77f66,
        type: 3}
      propertyPath: m_AnchorMax.x
      value: 0.8122188
      objectReference: {fileID: 0}
    - target: {fileID: 481870301294522690, guid: 2c1c0b3c7ebb7a74f80f943d65e77f66,
        type: 3}
      propertyPath: m_AnchorMax.y
      value: 0.9687501
      objectReference: {fileID: 0}
    - target: {fileID: 481870301294522690, guid: 2c1c0b3c7ebb7a74f80f943d65e77f66,
        type: 3}
      propertyPath: m_AnchorMin.x
      value: 0.64043754
      objectReference: {fileID: 0}
    - target: {fileID: 481870301294522690, guid: 2c1c0b3c7ebb7a74f80f943d65e77f66,
        type: 3}
      propertyPath: m_AnchorMin.y
      value: 0.0625
      objectReference: {fileID: 0}
    - target: {fileID: 481870301294522690, guid: 2c1c0b3c7ebb7a74f80f943d65e77f66,
        type: 3}
      propertyPath: m_SizeDelta.x
      value: -7.260498
      objectReference: {fileID: 0}
    - target: {fileID: 481870301294522690, guid: 2c1c0b3c7ebb7a74f80f943d65e77f66,
        type: 3}
      propertyPath: m_SizeDelta.y
      value: -0.000061035156
      objectReference: {fileID: 0}
    - target: {fileID: 481870301294522690, guid: 2c1c0b3c7ebb7a74f80f943d65e77f66,
        type: 3}
      propertyPath: m_LocalPosition.x
      value: 0
      objectReference: {fileID: 0}
    - target: {fileID: 481870301294522690, guid: 2c1c0b3c7ebb7a74f80f943d65e77f66,
        type: 3}
      propertyPath: m_LocalPosition.y
      value: 0
      objectReference: {fileID: 0}
    - target: {fileID: 481870301294522690, guid: 2c1c0b3c7ebb7a74f80f943d65e77f66,
        type: 3}
      propertyPath: m_LocalPosition.z
      value: 0
      objectReference: {fileID: 0}
    - target: {fileID: 481870301294522690, guid: 2c1c0b3c7ebb7a74f80f943d65e77f66,
        type: 3}
      propertyPath: m_LocalRotation.w
      value: 1
      objectReference: {fileID: 0}
    - target: {fileID: 481870301294522690, guid: 2c1c0b3c7ebb7a74f80f943d65e77f66,
        type: 3}
      propertyPath: m_LocalRotation.x
      value: -0
      objectReference: {fileID: 0}
    - target: {fileID: 481870301294522690, guid: 2c1c0b3c7ebb7a74f80f943d65e77f66,
        type: 3}
      propertyPath: m_LocalRotation.y
      value: -0
      objectReference: {fileID: 0}
    - target: {fileID: 481870301294522690, guid: 2c1c0b3c7ebb7a74f80f943d65e77f66,
        type: 3}
      propertyPath: m_LocalRotation.z
      value: -0
      objectReference: {fileID: 0}
    - target: {fileID: 481870301294522690, guid: 2c1c0b3c7ebb7a74f80f943d65e77f66,
        type: 3}
      propertyPath: m_AnchoredPosition.x
      value: 0.4000244
      objectReference: {fileID: 0}
    - target: {fileID: 481870301294522690, guid: 2c1c0b3c7ebb7a74f80f943d65e77f66,
        type: 3}
      propertyPath: m_AnchoredPosition.y
      value: -0.000015258789
      objectReference: {fileID: 0}
    - target: {fileID: 481870301294522690, guid: 2c1c0b3c7ebb7a74f80f943d65e77f66,
        type: 3}
      propertyPath: m_LocalEulerAnglesHint.x
      value: 0
      objectReference: {fileID: 0}
    - target: {fileID: 481870301294522690, guid: 2c1c0b3c7ebb7a74f80f943d65e77f66,
        type: 3}
      propertyPath: m_LocalEulerAnglesHint.y
      value: 0
      objectReference: {fileID: 0}
    - target: {fileID: 481870301294522690, guid: 2c1c0b3c7ebb7a74f80f943d65e77f66,
        type: 3}
      propertyPath: m_LocalEulerAnglesHint.z
      value: 0
      objectReference: {fileID: 0}
    - target: {fileID: 481870301294522691, guid: 2c1c0b3c7ebb7a74f80f943d65e77f66,
        type: 3}
      propertyPath: m_Name
      value: PlayerHealthPanel
      objectReference: {fileID: 0}
    m_RemovedComponents: []
  m_SourcePrefab: {fileID: 100100000, guid: 2c1c0b3c7ebb7a74f80f943d65e77f66, type: 3}
--- !u!224 &6816865895924720861 stripped
RectTransform:
  m_CorrespondingSourceObject: {fileID: 481870301294522690, guid: 2c1c0b3c7ebb7a74f80f943d65e77f66,
    type: 3}
  m_PrefabInstance: {fileID: 6356176759782184351}
  m_PrefabAsset: {fileID: 0}
--- !u!1001 &6483794992479720906
PrefabInstance:
  m_ObjectHideFlags: 0
  serializedVersion: 2
  m_Modification:
    m_TransformParent: {fileID: 6356176760322930234}
    m_Modifications:
    - target: {fileID: 6016825143592055848, guid: 668f0e718d2386540a7c43ba78a5cda7,
        type: 3}
      propertyPath: m_Name
      value: PlayerInventory
      objectReference: {fileID: 0}
    - target: {fileID: 6016825143592055849, guid: 668f0e718d2386540a7c43ba78a5cda7,
        type: 3}
      propertyPath: m_Pivot.x
      value: 0.5
      objectReference: {fileID: 0}
    - target: {fileID: 6016825143592055849, guid: 668f0e718d2386540a7c43ba78a5cda7,
        type: 3}
      propertyPath: m_Pivot.y
      value: 0.5
      objectReference: {fileID: 0}
    - target: {fileID: 6016825143592055849, guid: 668f0e718d2386540a7c43ba78a5cda7,
        type: 3}
      propertyPath: m_RootOrder
      value: 3
      objectReference: {fileID: 0}
    - target: {fileID: 6016825143592055849, guid: 668f0e718d2386540a7c43ba78a5cda7,
        type: 3}
      propertyPath: m_AnchorMax.x
      value: 0.63643754
      objectReference: {fileID: 0}
    - target: {fileID: 6016825143592055849, guid: 668f0e718d2386540a7c43ba78a5cda7,
        type: 3}
      propertyPath: m_AnchorMax.y
      value: 0.9375
      objectReference: {fileID: 0}
    - target: {fileID: 6016825143592055849, guid: 668f0e718d2386540a7c43ba78a5cda7,
        type: 3}
      propertyPath: m_AnchorMin.x
      value: 0.44521877
      objectReference: {fileID: 0}
    - target: {fileID: 6016825143592055849, guid: 668f0e718d2386540a7c43ba78a5cda7,
        type: 3}
      propertyPath: m_AnchorMin.y
      value: 0.09375
      objectReference: {fileID: 0}
    - target: {fileID: 6016825143592055849, guid: 668f0e718d2386540a7c43ba78a5cda7,
        type: 3}
      propertyPath: m_SizeDelta.x
      value: 0
      objectReference: {fileID: 0}
    - target: {fileID: 6016825143592055849, guid: 668f0e718d2386540a7c43ba78a5cda7,
        type: 3}
      propertyPath: m_SizeDelta.y
      value: 0.0000038146973
      objectReference: {fileID: 0}
    - target: {fileID: 6016825143592055849, guid: 668f0e718d2386540a7c43ba78a5cda7,
        type: 3}
      propertyPath: m_LocalPosition.x
      value: 0
      objectReference: {fileID: 0}
    - target: {fileID: 6016825143592055849, guid: 668f0e718d2386540a7c43ba78a5cda7,
        type: 3}
      propertyPath: m_LocalPosition.y
      value: 0
      objectReference: {fileID: 0}
    - target: {fileID: 6016825143592055849, guid: 668f0e718d2386540a7c43ba78a5cda7,
        type: 3}
      propertyPath: m_LocalPosition.z
      value: 0
      objectReference: {fileID: 0}
    - target: {fileID: 6016825143592055849, guid: 668f0e718d2386540a7c43ba78a5cda7,
        type: 3}
      propertyPath: m_LocalRotation.w
      value: 1
      objectReference: {fileID: 0}
    - target: {fileID: 6016825143592055849, guid: 668f0e718d2386540a7c43ba78a5cda7,
        type: 3}
      propertyPath: m_LocalRotation.x
      value: -0
      objectReference: {fileID: 0}
    - target: {fileID: 6016825143592055849, guid: 668f0e718d2386540a7c43ba78a5cda7,
        type: 3}
      propertyPath: m_LocalRotation.y
      value: -0
      objectReference: {fileID: 0}
    - target: {fileID: 6016825143592055849, guid: 668f0e718d2386540a7c43ba78a5cda7,
        type: 3}
      propertyPath: m_LocalRotation.z
      value: -0
      objectReference: {fileID: 0}
    - target: {fileID: 6016825143592055849, guid: 668f0e718d2386540a7c43ba78a5cda7,
        type: 3}
      propertyPath: m_AnchoredPosition.x
      value: 0
      objectReference: {fileID: 0}
    - target: {fileID: 6016825143592055849, guid: 668f0e718d2386540a7c43ba78a5cda7,
        type: 3}
      propertyPath: m_AnchoredPosition.y
      value: 0
      objectReference: {fileID: 0}
    - target: {fileID: 6016825143592055849, guid: 668f0e718d2386540a7c43ba78a5cda7,
        type: 3}
      propertyPath: m_LocalEulerAnglesHint.x
      value: 0
      objectReference: {fileID: 0}
    - target: {fileID: 6016825143592055849, guid: 668f0e718d2386540a7c43ba78a5cda7,
        type: 3}
      propertyPath: m_LocalEulerAnglesHint.y
      value: 0
      objectReference: {fileID: 0}
    - target: {fileID: 6016825143592055849, guid: 668f0e718d2386540a7c43ba78a5cda7,
        type: 3}
      propertyPath: m_LocalEulerAnglesHint.z
      value: 0
      objectReference: {fileID: 0}
    m_RemovedComponents: []
  m_SourcePrefab: {fileID: 100100000, guid: 668f0e718d2386540a7c43ba78a5cda7, type: 3}
--- !u!224 &755232166853779939 stripped
RectTransform:
  m_CorrespondingSourceObject: {fileID: 6016825143592055849, guid: 668f0e718d2386540a7c43ba78a5cda7,
    type: 3}
  m_PrefabInstance: {fileID: 6483794992479720906}
  m_PrefabAsset: {fileID: 0}
